AoeStats
← Boblob801

Oasis

507649831Analyzed
3v3 RM · 11d ago on Sep 19, 2026· 21m 49s· 6 players
Game mode
Random Map
Map size
Normal (6 player)
Population
200
Speed
Normal
Resources
Standard
Victory
Conquest
Starting age
Dark Age
Ending age
Imperial Age
RankedLock teamsTeams togetherTeam positionsShared explorationLock speedFull tech treeHidden civsTurbo modeCheats
Victory
Defeat
🇺🇸 Britons · United States
1350
+11
🇨🇴 Saracens · Colombia
1183
+17
🇦🇺 Cumans · Australia
1183
+18
🇨🇳 Saracens · China
1261
-17
🇮🇳 Poles · India
1217
-15
🇳🇿 Vikings · New Zealand
1191
-14
Boblob801
12:22 Feudal Age
18:43 Castle Age
17:16 Loom
19:01 Double-Bit Axe
kaar
4:13 Loom
10:27 Feudal Age
11:27 Double-Bit Axe
12:46 Horse Collar
13:58 Scale Barding Armor
14:09 Forging
15:09 Scale Barding Armor
15:18 Bloodlines
23:01 Castle Age
wuyu
10:56 Feudal Age
15:41 Castle Age
13:52 Double-Bit Axe
16:46 Husbandry
21:12 Wheelbarrow
theonlygriffin
9:08 Loom
10:53 Feudal Age
16:04 Castle Age
14:05 Gold Mining
14:06 Double-Bit Axe
14:59 Gold Mining
17:44 Bloodlines
18:02 Scale Barding Armor
Arribia
5:55 Loom
10:10 Feudal Age
17:36 Double-Bit Axe
17:45 Fletching
24:20 Castle Age
dArkie™
6:46 Loom
9:44 Feudal Age
11:06 Wheelbarrow
12:03 Double-Bit Axe
16:32 Fletching
16:44 Padded Archer Armor
19:36 Horse Collar
20:52 Gold Mining
Connection lost

Rejoining the realm…

Still unreachable

The connection could not be restored.

Session expired

The server has moved on; the page needs a fresh start.